Predators vs Ducks

Created - March 1, 2017 at 17:58

Goals
1 2 3 T
Predators 0 2 1 3
Ducks 2 1 1 4
Shots
1 2 3 T
Predators 13 14 6 33
Ducks 7 11 14 32

1st period

1. Ducks , Ryan OReilly 27 (Nikolay Kulemin, Kris Letang) at 1:21
2. Ducks , Colton Parayko 3 (Mark Scheifele, Brandon Dubinsky) at 14:49

Penalties :
J.T. Miller (NSH) for Interference (Minor) at 1:40, Boone Jenner (ANA) for Hooking (Minor) at 8:44

2nd period

3. Predators , Steven Stamkos 29 (Jaden Schwartz, Roman Josi) at 1:10
4. Ducks , Ryan OReilly 28 (Andrei Markov, Nikolay Kulemin) at 17:21
5. Predators , Nicklas Backstrom 15 (T.J. Oshie, Max Pacioretty) at 18:13

Penalties :
Wayne Simmonds (ANA) for Hooking (Minor) at 2:08, Blake Comeau (ANA) for Roughing (Minor) at 11:43

3rd period

6. Predators , Max Pacioretty 18 (Steven Stamkos, Zach Bogosian) at 2:51 (PP)
7. Ducks , Sam Bennett 13 (Travis Hamonic, Ryan OReilly) at 19:43 (PP)

Penalties :
Boone Jenner (ANA) for Hooking (Minor) at 1:53, Max Pacioretty (NSH) for Holding (Minor) at 4:41, Jordie Benn (NSH) for Hooking (Minor) at 6:55, Brandon Dubinsky (ANA) for High sticking (Minor) at 12:03, John Moore (NSH) for Hooking (Minor) at 18:00

Goalie Stats

Pekka Rinne (NSH), 28 saves from 32 shots - (0.875), L, 20-16-3, 60:00 minutes
Craig Anderson (ANA), 30 saves from 33 shots - (0.909), W, 19-24-3, 60:00 minutes

Players Stats for Predators

Player Name              G  A  P  +/- PIM S  H  SB GA TA FO     MP     PP MP  PK MP  
------------------------------------------------------------------------------------
Anthony Duclair          0  0  0   0  0   0  0  0  0  0  0/0     5:33   0:41   0:00 
Derick Brassard          0  0  0  -1  0   7  1  0  0  0  6/13   16:34   4:34   0:00 
J.T. Miller              0  0  0   0  2   0  2  0  0  0  3/6     4:51   0:00   0:00 
Jacob Josefson           0  0  0   0  0   0  0  1  0  0  1/1     5:35   0:00   0:43 
Jaden Schwartz           0  1  1  -1  0   3  1  0  0  0  0/0    21:19   4:49   4:30 
John Moore               0  0  0   0  2   0  0  0  0  0  0/0    10:08   0:00   0:00 
Jordie Benn              0  0  0   0  2   0  1  0  0  0  0/0    12:49   0:00   2:25 
Kevin Hayes              0  0  0  -1  0   3  0  0  0  0  1/1    11:45   0:00   0:00 
Klas Dahlbeck            0  0  0   0  0   0  1  2  0  0  0/0    19:48   0:00   4:19 
Max Pacioretty           1  1  2   1  2   3  1  0  0  0  0/0    18:37   4:05   0:00 
Nicklas Backstrom        1  0  1   1  0   2  0  0  0  0  16/32  18:54   4:05   0:00 
Oscar Klefbom            0  0  0  -1  0   0  0  5  0  0  0/0    26:19   4:20   4:27 
Roman Josi               0  1  1   0  0   3  1  2  0  0  0/0    23:32   4:34   3:13 
Steven Stamkos           1  1  2  -1  0   4  3  1  0  0  0/4    18:48   4:05   2:27 
T.J. Oshie               0  1  1   1  0   3  0  1  0  0  5/9    24:10   4:08   5:13 
Vincent Trocheck         0  0  0  -1  0   2  3  0  0  0  13/31  19:01   4:49   2:27 
Vladislav Namestnikov    0  0  0  -1  0   3  0  0  0  0  0/0    11:45   0:00   0:00 
Zach Bogosian            0  1  1  -1  0   0  0  4  0  0  0/0    22:48   4:20   0:56 

Players Stats for Ducks

Player Name              G  A  P  +/- PIM S  H  SB GA TA FO     MP     PP MP  PK MP  
------------------------------------------------------------------------------------
Andrei Markov            0  1  1   1  0   1  0  1  0  0  0/0    23:43   4:08   3:07 
Antoine Roussel          0  0  0   0  0   0  0  1  0  0  0/0     8:10   0:00   5:38 
Blake Comeau             0  0  0   0  2   0  0  1  0  0  1/4    15:40   0:00   2:10 
Bobby Ryan               0  0  0   0  0   0  0  0  0  0  0/0    13:39   0:00   0:00 
Boone Jenner             0  0  0   1  4   4  2  0  0  0  0/0    17:45   4:03   0:00 
Brandon Dubinsky         0  1  1   0  2   2  5  0  0  0  7/8    18:12   0:00   4:18 
Claude Giroux            0  0  0   0  0   3  1  0  0  0  15/24  16:52   3:37   0:00 
Colton Parayko           1  0  1   2  0   1  1  1  0  0  0/0    18:25   3:52   1:52 
Eric Nystrom             0  0  0   0  0   0  0  1  0  0  0/0     5:21   0:00   2:49 
Erik Johnson             0  0  0   0  0   0  0  2  0  0  0/0    11:54   1:06   1:55 
Kris Letang              0  1  1  -1  0   5  2  2  0  0  0/0    22:06   3:08   0:31 
Mark Scheifele           0  1  1   0  0   3  0  1  0  0  8/19   17:50   3:37   0:34 
Matt Hunwick             0  0  0   1  0   1  4  2  0  0  0/0    20:41   0:24   4:56 
Nikolay Kulemin          0  2  2   1  0   0  1  0  0  0  1/4    15:17   0:00   1:33 
Ryan OReilly             2  1  3   1  0   9  0  0  0  0  18/33  18:49   4:03   0:46 
Sam Bennett              1  0  1   0  0   1  0  0  0  0  2/4     6:35   4:03   0:00 
Travis Hamonic           0  1  1  -1  0   1  0  0  0  0  0/0    23:11   2:42   5:27 
Wayne Simmonds           0  0  0   0  2   1  6  0  0  0  0/1    16:51   3:37   0:00 

3 Stars

1 - Ryan OReilly (ANA)
2 - Steven Stamkos (NSH)
3 - Colton Parayko (ANA)

Power Play

Predators - 1 on 5 Attempt(s) - 20.00%
Ducks - 1 on 4 Attempt(s) - 25.00%

Penalty Kill

Predators - 3 on 4 Attempt(s) - 75.00% - Score 0 goal in Penalty Kill
Ducks - 4 on 5 Attempt(s) - 80.00% - Score 0 goal in Penalty Kill

Team Stat

Predators - Hits : 14 - Faceoff Wins : 45 - Blocked Shots : 16 - Penalty Minutes : 8
Ducks - Hits : 22 - Faceoff Wins : 52 - Blocked Shots : 12 - Penalty Minutes : 10

Official

Referees : Jacob Brenk and Brad Meier
Linesman : Bryan Pancich and Steve Miller

Game Notes

Erik Johnson is injured at 12:20 of 2nd period (Sprained Left Knee)

Finance

Level 1 -- Attendance: 5152 (79.26%) -- Ticket Income $566,720
Level 2 -- Attendance: 4387 (87.74%) -- Ticket Income $329,025
Level 3 -- Attendance: 2600 (100.00%) -- Ticket Income $145,600
Level 4 -- Attendance: 2074 (100.00%) -- Ticket Income $82,960
Luxury Box -- Attendance: 949 (94.90%) -- Ticket Income $188,851
Game was played at the Honda Center.
Total Attendance: 15162 (88.28%)
Total Ticket Income: $1,313,156
Other Income: $196,973
Total Income: $1,510,129

% Time on Ice - Predators

Lines # - Real PCT - Wanted PCT - Time Play
Normal Forward
1 - 34% - 35% - 14:33
2 - 28% - 29% - 12:00
3 - 27% - 26% - 11:45
4 - 11% - 10% - 4:52
Normal Defense
1 - 36% - 40% - 15:29
2 - 37% - 35% - 15:51
3 - 24% - 15% - 10:09
4 - 4% - 10% - 1:41
PP Forward
1 - 54% - 60% - 4:49
2 - 46% - 40% - 4:05
PP Defense
1 - 49% - 60% - 4:20
2 - 51% - 40% - 4:34
PK Forward
1 - 68% - 60% - 5:13
2 - 32% - 40% - 2:27
PK Defense
1 - 58% - 60% - 4:27
2 - 42% - 40% - 3:13
PK3 Forward
1 - 0% - 60%
2 - 0% - 40%
PK3 Defense
1 - 0% - 60%
2 - 0% - 40%
44 Forward
1 - 0% - 60%
2 - 0% - 40%
44 Defense
1 - 0% - 60%
2 - 0% - 40%
Last Minute Offensive  - 0:16
Last Minute Defensive  - 0:00
Total
Forward - 60:00
Defense - 60:00

% Time on Ice - Ducks

Lines # - Real PCT - Wanted PCT - Time Play
Normal Forward
1 - 31% - 30% - 13:15
2 - 32% - 30% - 13:44
3 - 32% - 30% - 13:39
4 - 6% - 10% - 2:32
Normal Defense
1 - 38% - 35% - 16:28
2 - 33% - 35% - 14:24
3 - 28% - 30% - 12:18
4 - 0% - 0% - 0:00
PP Forward
1 - 47% - 55% - 3:37
2 - 53% - 45% - 4:03
PP Defense
1 - 41% - 57% - 3:08
2 - 59% - 43% - 4:32
PK Forward
1 - 68% - 57% - 6:05
2 - 32% - 43% - 2:49
PK Defense
1 - 60% - 57% - 5:18
2 - 40% - 43% - 3:36
PK3 Forward
1 - 0% - 60%
2 - 0% - 40%
PK3 Defense
1 - 0% - 57%
2 - 0% - 43%
44 Forward
1 - 0% - 50%
2 - 0% - 50%
44 Defense
1 - 0% - 50%
2 - 0% - 50%
Last Minute Offensive  - 0:00
Last Minute Defensive  - 0:16
Total
Forward - 60:00
Defense - 60:00

Play by Play

1st period


0:01 of 1st period - Claude Giroux wins face-off versus Nicklas Backstrom in neutral zone.
0:14 of 1st period - Shot by Blake Comeau.
0:14 of 1st period - Shot Blocked by Klas Dahlbeck.
0:22 of 1st period - Max Pacioretty is hit by Claude Giroux and loses puck.
1:19 of 1st period - Shot by Nikolay Kulemin.
1:19 of 1st period - Shot Blocked by Steven Stamkos.
1:21 of 1st period - Shot by Nikolay Kulemin.
1:21 of 1st period - Deflect By Ryan OReilly.
1:21 of 1st period - Goal by Ryan OReilly - Predators : 0 - Ducks : 1.
1:22 of 1st period - Vincent Trocheck wins face-off versus Mark Scheifele in neutral zone.
1:27 of 1st period - Shot by Kevin Hayes.
1:27 of 1st period - Stopped by Craig Anderson without a rebound.
1:28 of 1st period - Vincent Trocheck wins face-off versus Mark Scheifele in Ducks zone.
1:37 of 1st period - Shot by Vladislav Namestnikov.
1:37 of 1st period - Stopped by Craig Anderson without a rebound.
1:38 of 1st period - J.T. Miller wins face-off versus Mark Scheifele in Ducks zone.
1:40 of 1st period - Minor Penalty to J.T. Miller for Interference.
1:41 of 1st period - T.J. Oshie wins face-off versus Claude Giroux in Predators zone.
1:41 of 1st period - Jaden Schwartz is hit by Wayne Simmonds.
2:13 of 1st period - Shot by Kris Letang.
2:13 of 1st period - Shot Misses the Net.
2:51 of 1st period - Shot by Ryan OReilly.
2:51 of 1st period - Shot Misses the Net.
4:11 of 1st period - Icing by Kris Letang.
4:12 of 1st period - Vincent Trocheck wins face-off versus Mark Scheifele in Ducks zone.
4:41 of 1st period - Vincent Trocheck is hit by Kris Letang.
5:08 of 1st period - Shot by Derick Brassard.
5:08 of 1st period - Stopped by Craig Anderson with a rebound.
5:12 of 1st period - Shot by Derick Brassard.
5:12 of 1st period - Stopped by Craig Anderson without a rebound.
5:13 of 1st period - Nicklas Backstrom wins face-off versus Claude Giroux in Ducks zone.
5:38 of 1st period - Shot by T.J. Oshie.
5:38 of 1st period - Stopped by Craig Anderson without a rebound.
5:39 of 1st period - Ryan OReilly wins face-off versus Derick Brassard in Ducks zone.
6:20 of 1st period - Shot by Derick Brassard.
6:20 of 1st period - Stopped by Craig Anderson without a rebound.
6:21 of 1st period - Nicklas Backstrom wins face-off versus Sam Bennett in Ducks zone.
6:26 of 1st period - Shot by Max Pacioretty.
6:26 of 1st period - Stopped by Craig Anderson without a rebound.
6:27 of 1st period - Claude Giroux wins face-off versus Vincent Trocheck in Ducks zone.
6:31 of 1st period - Icing by Wayne Simmonds.
6:32 of 1st period - Claude Giroux wins face-off versus Nicklas Backstrom in Ducks zone.
7:02 of 1st period - Shot by Claude Giroux.
7:02 of 1st period - Shot Misses the Net.
7:04 of 1st period - Shot by Wayne Simmonds.
7:04 of 1st period - Shot Blocked by T.J. Oshie.
7:06 of 1st period - Shot by Matt Hunwick.
7:06 of 1st period - Shot Misses the Net.
7:13 of 1st period - Icing by Zach Bogosian.
7:14 of 1st period - Ryan OReilly wins face-off versus Nicklas Backstrom in Predators zone.
7:15 of 1st period - Shot by Boone Jenner.
7:15 of 1st period - Stopped by Pekka Rinne with a rebound.
7:17 of 1st period - Shot by Ryan OReilly.
7:17 of 1st period - Stopped by Pekka Rinne without a rebound.
7:18 of 1st period - Ryan OReilly wins face-off versus Vincent Trocheck in Predators zone.
7:18 of 1st period - Nikolay Kulemin is hit by Roman Josi and loses puck.
7:29 of 1st period - Icing by Erik Johnson.
7:30 of 1st period - Ryan OReilly wins face-off versus Derick Brassard in Ducks zone.
7:30 of 1st period - Ryan OReilly is hit by Derick Brassard.
7:36 of 1st period - Shot by Derick Brassard.
7:36 of 1st period - Stopped by Craig Anderson without a rebound.
7:37 of 1st period - Sam Bennett wins face-off versus Vincent Trocheck in Ducks zone.
8:39 of 1st period - Off-side.
8:40 of 1st period - Nicklas Backstrom wins face-off versus Nikolay Kulemin in neutral zone.
8:44 of 1st period - Minor Penalty to Boone Jenner for Hooking.
8:45 of 1st period - Brandon Dubinsky wins face-off versus Nicklas Backstrom in Ducks zone.
8:55 of 1st period - Icing by Max Pacioretty.
8:56 of 1st period - Brandon Dubinsky wins face-off versus Nicklas Backstrom in Predators zone.
9:00 of 1st period - Icing by Zach Bogosian.
9:01 of 1st period - Brandon Dubinsky wins face-off versus Nicklas Backstrom in Predators zone.
9:21 of 1st period - Shot by Zach Bogosian.
9:21 of 1st period - Shot Blocked by Matt Hunwick.
10:05 of 1st period - Shot by T.J. Oshie.
10:05 of 1st period - Shot Blocked by Andrei Markov.
10:07 of 1st period - Shot by Jaden Schwartz.
10:07 of 1st period - Shot Misses the Net.
10:09 of 1st period - Shot by Vincent Trocheck.
10:09 of 1st period - Stopped by Craig Anderson without a rebound.
10:10 of 1st period - Blake Comeau wins face-off versus Vincent Trocheck in Ducks zone.
10:53 of 1st period - J.T. Miller is hit by Boone Jenner and loses puck.
11:27 of 1st period - John Moore is hit by Nikolay Kulemin and loses puck.
11:42 of 1st period - Shot by Claude Giroux.
11:42 of 1st period - Stopped by Pekka Rinne without a rebound.
11:43 of 1st period - Nicklas Backstrom wins face-off versus Mark Scheifele in Predators zone.
11:50 of 1st period - Shot by Bobby Ryan.
11:50 of 1st period - Shot Misses the Net.
11:52 of 1st period - Shot by Mark Scheifele.
11:52 of 1st period - Shot Misses the Net.
12:26 of 1st period - Icing by Max Pacioretty.
12:27 of 1st period - Claude Giroux wins face-off versus Nicklas Backstrom in Predators zone.
12:30 of 1st period - Shot by Blake Comeau.
12:30 of 1st period - Deflect By Claude Giroux.
12:30 of 1st period - Shot Blocked by Zach Bogosian.
12:32 of 1st period - Shot by Blake Comeau.
12:32 of 1st period - Shot Misses the Net.
12:34 of 1st period - Shot by Blake Comeau.
12:34 of 1st period - Shot Misses the Net.
12:36 of 1st period - Shot by Claude Giroux.
12:36 of 1st period - Shot Blocked by Oscar Klefbom.
12:38 of 1st period - Shot by Blake Comeau.
12:38 of 1st period - Shot Blocked by Oscar Klefbom.
13:22 of 1st period - Icing by Andrei Markov.
13:23 of 1st period - Derick Brassard wins face-off versus Claude Giroux in Ducks zone.
13:28 of 1st period - Shot by Jaden Schwartz.
13:28 of 1st period - Shot Misses the Net.
13:41 of 1st period - Shot by Steven Stamkos.
13:41 of 1st period - Stopped by Craig Anderson without a rebound.
13:42 of 1st period - Vincent Trocheck wins face-off versus Ryan OReilly in Ducks zone.
14:47 of 1st period - Shot by Colton Parayko.
14:47 of 1st period - Shot Misses the Net.
14:49 of 1st period - Shot by Colton Parayko.
14:49 of 1st period - Goal by Colton Parayko - Predators : 0 - Ducks : 2.
14:50 of 1st period - Sam Bennett wins face-off versus Derick Brassard in neutral zone.
15:15 of 1st period - Shot by Steven Stamkos.
15:15 of 1st period - Shot Blocked by Matt Hunwick.
15:22 of 1st period - Jaden Schwartz is hit by Matt Hunwick and loses puck.
15:27 of 1st period - Shot by Derick Brassard.
15:27 of 1st period - Stopped by Craig Anderson without a rebound.
15:28 of 1st period - Mark Scheifele wins face-off versus Nicklas Backstrom in Ducks zone.
16:35 of 1st period - Shot by Boone Jenner.
16:35 of 1st period - Deflect By Ryan OReilly.
16:35 of 1st period - Stopped by Pekka Rinne without a rebound.
16:36 of 1st period - Claude Giroux wins face-off versus Vincent Trocheck in Predators zone.
16:45 of 1st period - Colton Parayko is hit by Vincent Trocheck and loses puck.
16:52 of 1st period - Shot by Vincent Trocheck.
16:52 of 1st period - Stopped by Craig Anderson without a rebound.
16:53 of 1st period - Derick Brassard wins face-off versus Ryan OReilly in Ducks zone.
17:15 of 1st period - Icing by Jordie Benn.
17:16 of 1st period - Mark Scheifele wins face-off versus Steven Stamkos in Predators zone.
17:23 of 1st period - Shot by Mark Scheifele.
17:23 of 1st period - Stopped by Pekka Rinne without a rebound.
17:24 of 1st period - Nicklas Backstrom wins face-off versus Wayne Simmonds in Predators zone.
17:24 of 1st period - Nicklas Backstrom is hit by Wayne Simmonds.
17:27 of 1st period - Icing by Max Pacioretty.
17:28 of 1st period - Mark Scheifele wins face-off versus Nicklas Backstrom in Predators zone.
17:52 of 1st period - Max Pacioretty is hit by Colton Parayko and loses puck.
18:29 of 1st period - Roman Josi is hit by Wayne Simmonds and loses puck.
18:58 of 1st period - Steven Stamkos is hit by Wayne Simmonds and loses puck.
19:24 of 1st period - Shot by Jaden Schwartz.
19:24 of 1st period - Stopped by Craig Anderson with a rebound.
Goals for this period are 0 for Predators vs 2 for Ducks.
Shots for this period are 13 for Predators vs 7 for Ducks.

2nd period


0:01 of 2nd period - Ryan OReilly wins face-off versus Vincent Trocheck in neutral zone.
0:23 of 2nd period - Icing by Zach Bogosian.
0:24 of 2nd period - Vincent Trocheck wins face-off versus Mark Scheifele in Predators zone.
0:24 of 2nd period - Vincent Trocheck is hit by Brandon Dubinsky.
0:39 of 2nd period - Kevin Hayes is hit by Kris Letang.
0:44 of 2nd period - Shot by Vladislav Namestnikov.
0:44 of 2nd period - Shot Misses the Net.
0:46 of 2nd period - Shot by Oscar Klefbom.
0:46 of 2nd period - Shot Misses the Net.
0:48 of 2nd period - Shot by Vincent Trocheck.
0:48 of 2nd period - Shot Blocked by Kris Letang.
0:52 of 2nd period - Shot by Vladislav Namestnikov.
0:52 of 2nd period - Shot Blocked by Mark Scheifele.
1:10 of 2nd period - Shot by Steven Stamkos.
1:10 of 2nd period - Goal by Steven Stamkos - Predators : 1 - Ducks : 2.
1:11 of 2nd period - Claude Giroux wins face-off versus Nicklas Backstrom in neutral zone.
1:13 of 2nd period - Andrei Markov is hit by Jordie Benn and loses puck.
2:08 of 2nd period - Minor Penalty to Wayne Simmonds for Hooking.
2:09 of 2nd period - Brandon Dubinsky wins face-off versus Vincent Trocheck in Ducks zone.
2:17 of 2nd period - Icing by T.J. Oshie.
2:18 of 2nd period - Brandon Dubinsky wins face-off versus Vincent Trocheck in Predators zone.
2:21 of 2nd period - Shot by Antoine Roussel.
2:21 of 2nd period - Shot Blocked by Oscar Klefbom.
2:27 of 2nd period - Travis Hamonic is hit by Vincent Trocheck and loses puck.
3:30 of 2nd period - Shot by Steven Stamkos.
3:30 of 2nd period - Stopped by Craig Anderson with a rebound.
3:32 of 2nd period - Shot by Roman Josi.
3:32 of 2nd period - Stopped by Craig Anderson with a rebound.
3:42 of 2nd period - Shot by Derick Brassard.
3:42 of 2nd period - Shot Blocked by Erik Johnson.
3:44 of 2nd period - Shot by Roman Josi.
3:44 of 2nd period - Stopped by Craig Anderson without a rebound.
3:45 of 2nd period - Nicklas Backstrom wins face-off versus Blake Comeau in Ducks zone.
4:07 of 2nd period - Shot by Max Pacioretty.
4:07 of 2nd period - Shot Blocked by Blake Comeau.
4:22 of 2nd period - Icing by Jordie Benn.
4:23 of 2nd period - J.T. Miller wins face-off versus Mark Scheifele in Predators zone.
4:30 of 2nd period - Shot by Bobby Ryan.
4:30 of 2nd period - Deflect By Mark Scheifele.
4:30 of 2nd period - Shot Blocked by Jacob Josefson.
4:32 of 2nd period - Shot by Brandon Dubinsky.
4:32 of 2nd period - Stopped by Pekka Rinne without a rebound.
4:33 of 2nd period - Ryan OReilly wins face-off versus Vincent Trocheck in Predators zone.
5:05 of 2nd period - Shot by Vladislav Namestnikov.
5:05 of 2nd period - Shot Misses the Net.
5:15 of 2nd period - Shot by Boone Jenner.
5:15 of 2nd period - Shot Misses the Net.
5:22 of 2nd period - Icing by Roman Josi.
5:23 of 2nd period - Vincent Trocheck wins face-off versus Mark Scheifele in Predators zone.
5:42 of 2nd period - Shot by Brandon Dubinsky.
5:42 of 2nd period - Shot Blocked by Zach Bogosian.
5:54 of 2nd period - Kris Letang is hit by Steven Stamkos and loses puck.
6:37 of 2nd period - Shot by T.J. Oshie.
6:37 of 2nd period - Stopped by Craig Anderson without a rebound.
6:38 of 2nd period - Nikolay Kulemin wins face-off versus Nicklas Backstrom in Ducks zone.
7:03 of 2nd period - Shot by Boone Jenner.
7:03 of 2nd period - Stopped by Pekka Rinne without a rebound.
7:04 of 2nd period - Claude Giroux wins face-off versus Vincent Trocheck in Predators zone.
7:10 of 2nd period - Blake Comeau is hit by Klas Dahlbeck and loses puck.
7:16 of 2nd period - Off-side.
7:17 of 2nd period - Mark Scheifele wins face-off versus Nicklas Backstrom in neutral zone.
8:34 of 2nd period - Shot by Steven Stamkos.
8:34 of 2nd period - Stopped by Craig Anderson without a rebound.
8:35 of 2nd period - Ryan OReilly wins face-off versus Vincent Trocheck in Ducks zone.
8:35 of 2nd period - Boone Jenner is hit by Vincent Trocheck.
8:50 of 2nd period - Off-side.
8:51 of 2nd period - Derick Brassard wins face-off versus Blake Comeau in neutral zone.
9:00 of 2nd period - Shot by Jaden Schwartz.
9:00 of 2nd period - Shot Misses the Net.
9:02 of 2nd period - Shot by Jaden Schwartz.
9:02 of 2nd period - Shot Misses the Net.
9:43 of 2nd period - Icing by Colton Parayko.
9:44 of 2nd period - Claude Giroux wins face-off versus Vincent Trocheck in Ducks zone.
9:49 of 2nd period - Shot by Vladislav Namestnikov.
9:49 of 2nd period - Stopped by Craig Anderson without a rebound.
9:50 of 2nd period - Ryan OReilly wins face-off versus Vincent Trocheck in Ducks zone.
9:52 of 2nd period - Icing by Andrei Markov.
9:53 of 2nd period - Vincent Trocheck wins face-off versus Ryan OReilly in Ducks zone.
9:58 of 2nd period - Shot by Kevin Hayes.
9:58 of 2nd period - Stopped by Craig Anderson without a rebound.
9:59 of 2nd period - Nicklas Backstrom wins face-off versus Ryan OReilly in Ducks zone.
10:25 of 2nd period - Shot by Erik Johnson.
10:25 of 2nd period - Shot Misses the Net.
10:41 of 2nd period - Shot by Nikolay Kulemin.
10:41 of 2nd period - Shot Blocked by Zach Bogosian.
10:43 of 2nd period - Shot by Erik Johnson.
10:43 of 2nd period - Shot Blocked by Zach Bogosian.
10:53 of 2nd period - Brandon Dubinsky is hit by Max Pacioretty and loses puck.
11:36 of 2nd period - Shot by Derick Brassard.
11:36 of 2nd period - Shot Misses the Net.
11:38 of 2nd period - Shot by Derick Brassard.
11:38 of 2nd period - Stopped by Craig Anderson without a rebound.
11:39 of 2nd period - Vincent Trocheck wins face-off versus Claude Giroux in Ducks zone.
11:43 of 2nd period - Minor Penalty to Blake Comeau for Roughing.
11:44 of 2nd period - Brandon Dubinsky wins face-off versus Vincent Trocheck in Ducks zone.
12:01 of 2nd period - Roman Josi is hit by Brandon Dubinsky and loses puck.
12:05 of 2nd period - Derick Brassard is hit by Brandon Dubinsky and loses puck.
12:20 of 2nd period - Shot by Roman Josi.
12:20 of 2nd period - Shot Blocked by Erik Johnson.
12:20 of 2nd period - Erik Johnson from Ducks is injured at 12:20 of 2nd period (Sprained Left Knee).
12:21 of 2nd period - Nicklas Backstrom wins face-off versus Nikolay Kulemin in Ducks zone.
12:33 of 2nd period - Shot by Nicklas Backstrom.
12:33 of 2nd period - Shot Misses the Net.
12:35 of 2nd period - Shot by Oscar Klefbom.
12:35 of 2nd period - Shot Blocked by Eric Nystrom.
13:03 of 2nd period - Brandon Dubinsky is hit by Jaden Schwartz and loses puck.
13:45 of 2nd period - Off-side.
13:46 of 2nd period - Jacob Josefson wins face-off versus Claude Giroux in neutral zone.
14:03 of 2nd period - Shot by Claude Giroux.
14:03 of 2nd period - Stopped by Pekka Rinne without a rebound.
14:04 of 2nd period - Ryan OReilly wins face-off versus Vincent Trocheck in Predators zone.
14:11 of 2nd period - Shot by Ryan OReilly.
14:11 of 2nd period - Stopped by Pekka Rinne without a rebound.
14:12 of 2nd period - Claude Giroux wins face-off versus Nicklas Backstrom in Predators zone.
14:19 of 2nd period - Shot by Claude Giroux.
14:19 of 2nd period - Shot Misses the Net.
14:21 of 2nd period - Shot by Blake Comeau.
14:21 of 2nd period - Deflect By Claude Giroux.
14:21 of 2nd period - Shot Misses the Net.
14:23 of 2nd period - Shot by Wayne Simmonds.
14:23 of 2nd period - Shot Blocked by Oscar Klefbom.
14:25 of 2nd period - Shot by Kris Letang.
14:25 of 2nd period - Stopped by Pekka Rinne without a rebound.
14:26 of 2nd period - Derick Brassard wins face-off versus Ryan OReilly in Predators zone.
14:43 of 2nd period - Shot by Derick Brassard.
14:43 of 2nd period - Stopped by Craig Anderson with a rebound.
14:45 of 2nd period - Shot by Jaden Schwartz.
14:45 of 2nd period - Stopped by Craig Anderson without a rebound.
14:46 of 2nd period - Mark Scheifele wins face-off versus Vincent Trocheck in Ducks zone.
14:57 of 2nd period - Shot by Mark Scheifele.
14:57 of 2nd period - Stopped by Pekka Rinne without a rebound.
14:58 of 2nd period - Derick Brassard wins face-off versus Ryan OReilly in Predators zone.
15:03 of 2nd period - Shot by Ryan OReilly.
15:03 of 2nd period - Stopped by Pekka Rinne without a rebound.
15:04 of 2nd period - Ryan OReilly wins face-off versus Derick Brassard in Predators zone.
15:17 of 2nd period - Shot by Boone Jenner.
15:17 of 2nd period - Stopped by Pekka Rinne without a rebound.
15:18 of 2nd period - Mark Scheifele wins face-off versus Vincent Trocheck in Predators zone.
15:19 of 2nd period - Shot by Bobby Ryan.
15:19 of 2nd period - Shot Misses the Net.
16:17 of 2nd period - Shot by Wayne Simmonds.
16:17 of 2nd period - Shot Misses the Net.
16:50 of 2nd period - Shot by Wayne Simmonds.
16:50 of 2nd period - Shot Misses the Net.
17:12 of 2nd period - Shot by Ryan OReilly.
17:12 of 2nd period - Shot Blocked by Klas Dahlbeck.
17:21 of 2nd period - Shot by Ryan OReilly.
17:21 of 2nd period - Goal by Ryan OReilly - Predators : 1 - Ducks : 3.
17:22 of 2nd period - Nicklas Backstrom wins face-off versus Sam Bennett in neutral zone.
17:51 of 2nd period - Icing by Nicklas Backstrom.
17:52 of 2nd period - Nicklas Backstrom wins face-off versus Ryan OReilly in Predators zone.
18:05 of 2nd period - Shot by T.J. Oshie.
18:05 of 2nd period - Shot Misses the Net.
18:07 of 2nd period - Shot by Nicklas Backstrom.
18:07 of 2nd period - Stopped by Craig Anderson with a rebound.
18:09 of 2nd period - Shot by Max Pacioretty.
18:09 of 2nd period - Shot Hit the Post.
18:11 of 2nd period - Shot by Max Pacioretty.
18:11 of 2nd period - Shot Misses the Net.
18:13 of 2nd period - Shot by T.J. Oshie.
18:13 of 2nd period - Deflect By Nicklas Backstrom.
18:13 of 2nd period - Goal by Nicklas Backstrom - Predators : 2 - Ducks : 3.
18:14 of 2nd period - Mark Scheifele wins face-off versus Derick Brassard in neutral zone.
18:19 of 2nd period - Shot by Brandon Dubinsky.
18:19 of 2nd period - Shot Misses the Net.
18:21 of 2nd period - Shot by Mark Scheifele.
18:21 of 2nd period - Deflect By Brandon Dubinsky.
18:21 of 2nd period - Stopped by Pekka Rinne with a rebound.
18:23 of 2nd period - Shot by Mark Scheifele.
18:23 of 2nd period - Shot Misses the Net.
18:25 of 2nd period - Shot by Matt Hunwick.
18:25 of 2nd period - Stopped by Pekka Rinne without a rebound.
18:26 of 2nd period - Vincent Trocheck wins face-off versus Ryan OReilly in Predators zone.
18:26 of 2nd period - Vincent Trocheck is hit by Boone Jenner.
18:40 of 2nd period - Shot by Vladislav Namestnikov.
18:40 of 2nd period - Shot Misses the Net.
18:42 of 2nd period - Shot by Vincent Trocheck.
18:42 of 2nd period - Deflect By Kevin Hayes.
18:42 of 2nd period - Stopped by Craig Anderson without a rebound.
18:43 of 2nd period - Claude Giroux wins face-off versus Derick Brassard in Ducks zone.
18:56 of 2nd period - Shot by Blake Comeau.
18:56 of 2nd period - Shot Misses the Net.
19:02 of 2nd period - Matt Hunwick is hit by Steven Stamkos and loses puck.
19:23 of 2nd period - Shot by Derick Brassard.
19:23 of 2nd period - Deflect By Steven Stamkos.
19:23 of 2nd period - Shot Misses the Net.
19:37 of 2nd period - Max Pacioretty is hit by Wayne Simmonds and loses puck.
Goals for this period are 2 for Predators vs 1 for Ducks.
Shots for this period are 14 for Predators vs 11 for Ducks.

3rd period


0:01 of 3rd period - Nicklas Backstrom wins face-off versus Mark Scheifele in neutral zone.
0:20 of 3rd period - Shot by Max Pacioretty.
0:20 of 3rd period - Stopped by Craig Anderson without a rebound.
0:21 of 3rd period - Kevin Hayes wins face-off versus Ryan OReilly in Ducks zone.
0:27 of 3rd period - Icing by Kris Letang.
0:28 of 3rd period - Vincent Trocheck wins face-off versus Ryan OReilly in Ducks zone.
1:53 of 3rd period - Minor Penalty to Boone Jenner for Hooking.
1:54 of 3rd period - Vincent Trocheck wins face-off versus Brandon Dubinsky in Ducks zone.
2:35 of 3rd period - Off-side.
2:36 of 3rd period - Brandon Dubinsky wins face-off versus Nicklas Backstrom in neutral zone.
2:49 of 3rd period - Shot by Steven Stamkos.
2:49 of 3rd period - Shot Misses the Net.
2:51 of 3rd period - Shot by Max Pacioretty.
2:51 of 3rd period - Goal by Max Pacioretty - Predators : 3 - Ducks : 3.
2:52 of 3rd period - Claude Giroux wins face-off versus J.T. Miller in neutral zone.
3:03 of 3rd period - Jordie Benn is hit by Wayne Simmonds and loses puck.
3:10 of 3rd period - Shot by Blake Comeau.
3:10 of 3rd period - Shot Misses the Net.
4:01 of 3rd period - Icing by Jaden Schwartz.
4:02 of 3rd period - Derick Brassard wins face-off versus Mark Scheifele in Predators zone.
4:02 of 3rd period - Derick Brassard is hit by Brandon Dubinsky.
4:41 of 3rd period - Minor Penalty to Max Pacioretty for Holding.
4:42 of 3rd period - Ryan OReilly wins face-off versus T.J. Oshie in Predators zone.
5:56 of 3rd period - Icing by Claude Giroux.
5:57 of 3rd period - Claude Giroux wins face-off versus T.J. Oshie in Ducks zone.
6:28 of 3rd period - Shot by Kris Letang.
6:28 of 3rd period - Stopped by Pekka Rinne without a rebound.
6:29 of 3rd period - Ryan OReilly wins face-off versus Steven Stamkos in Predators zone.
6:55 of 3rd period - Minor Penalty to Jordie Benn for Hooking.
6:56 of 3rd period - T.J. Oshie wins face-off versus Claude Giroux in Predators zone.
7:18 of 3rd period - Shot by Kris Letang.
7:18 of 3rd period - Stopped by Pekka Rinne without a rebound.
7:19 of 3rd period - Ryan OReilly wins face-off versus Steven Stamkos in Predators zone.
7:37 of 3rd period - Shot by Sam Bennett.
7:37 of 3rd period - Shot Misses the Net.
7:39 of 3rd period - Shot by Andrei Markov.
7:39 of 3rd period - Stopped by Pekka Rinne without a rebound.
7:40 of 3rd period - T.J. Oshie wins face-off versus Claude Giroux in Predators zone.
7:53 of 3rd period - Shot by Mark Scheifele.
7:53 of 3rd period - Stopped by Pekka Rinne without a rebound.
7:54 of 3rd period - T.J. Oshie wins face-off versus Ryan OReilly in Predators zone.
8:02 of 3rd period - Off-side.
8:03 of 3rd period - Claude Giroux wins face-off versus T.J. Oshie in neutral zone.
8:28 of 3rd period - Shot by Claude Giroux.
8:28 of 3rd period - Stopped by Pekka Rinne with a rebound.
8:30 of 3rd period - Shot by Mark Scheifele.
8:30 of 3rd period - Shot Misses the Net.
8:32 of 3rd period - Shot by Wayne Simmonds.
8:32 of 3rd period - Shot Blocked by Oscar Klefbom.
8:34 of 3rd period - Shot by Kris Letang.
8:34 of 3rd period - Deflect By Wayne Simmonds.
8:34 of 3rd period - Stopped by Pekka Rinne without a rebound.
8:35 of 3rd period - Ryan OReilly wins face-off versus Steven Stamkos in Predators zone.
8:40 of 3rd period - Shot by Travis Hamonic.
8:40 of 3rd period - Stopped by Pekka Rinne without a rebound.
8:41 of 3rd period - Ryan OReilly wins face-off versus T.J. Oshie in Predators zone.
9:47 of 3rd period - Off-side.
9:48 of 3rd period - Ryan OReilly wins face-off versus J.T. Miller in neutral zone.
9:48 of 3rd period - Ryan OReilly is hit by J.T. Miller.
10:02 of 3rd period - Shot by Boone Jenner.
10:02 of 3rd period - Stopped by Pekka Rinne with a rebound.
10:09 of 3rd period - Roman Josi is hit by Matt Hunwick and loses puck.
10:13 of 3rd period - Jacob Josefson is hit by Matt Hunwick and loses puck.
10:19 of 3rd period - J.T. Miller is hit by Matt Hunwick and loses puck.
11:51 of 3rd period - Off-side.
11:52 of 3rd period - Vincent Trocheck wins face-off versus Claude Giroux in neutral zone.
12:01 of 3rd period - Off-side.
12:02 of 3rd period - J.T. Miller wins face-off versus Mark Scheifele in neutral zone.
12:02 of 3rd period - J.T. Miller is hit by Brandon Dubinsky.
12:03 of 3rd period - Minor Penalty to Brandon Dubinsky for High sticking.
12:04 of 3rd period - Mark Scheifele wins face-off versus Vincent Trocheck in Ducks zone.
12:21 of 3rd period - Shot by Oscar Klefbom.
12:21 of 3rd period - Shot Blocked by Kris Letang.
12:23 of 3rd period - Shot by Jaden Schwartz.
12:23 of 3rd period - Shot Misses the Net.
12:25 of 3rd period - Shot by Zach Bogosian.
12:25 of 3rd period - Shot Misses the Net.
12:27 of 3rd period - Shot by Zach Bogosian.
12:27 of 3rd period - Shot Misses the Net.
12:29 of 3rd period - Shot by T.J. Oshie.
12:29 of 3rd period - Stopped by Craig Anderson without a rebound.
12:30 of 3rd period - Nicklas Backstrom wins face-off versus Ryan OReilly in Ducks zone.
12:51 of 3rd period - Shot by Nicklas Backstrom.
12:51 of 3rd period - Shot Misses the Net.
12:53 of 3rd period - Shot by Roman Josi.
12:53 of 3rd period - Stopped by Craig Anderson without a rebound.
12:54 of 3rd period - Vincent Trocheck wins face-off versus Ryan OReilly in Ducks zone.
13:19 of 3rd period - Shot by Oscar Klefbom.
13:19 of 3rd period - Shot Blocked by Antoine Roussel.
13:21 of 3rd period - Shot by Jaden Schwartz.
13:21 of 3rd period - Stopped by Craig Anderson without a rebound.
13:22 of 3rd period - Nicklas Backstrom wins face-off versus Blake Comeau in Ducks zone.
13:29 of 3rd period - Shot by Derick Brassard.
13:29 of 3rd period - Shot Misses the Net.
13:41 of 3rd period - Shot by Derick Brassard.
13:41 of 3rd period - Shot Blocked by Colton Parayko.
13:48 of 3rd period - Icing by Max Pacioretty.
13:49 of 3rd period - Nicklas Backstrom wins face-off versus Nikolay Kulemin in Predators zone.
14:14 of 3rd period - Shot by Bobby Ryan.
14:14 of 3rd period - Shot Misses the Net.
14:22 of 3rd period - Shot by Vladislav Namestnikov.
14:22 of 3rd period - Stopped by Craig Anderson with a rebound.
15:12 of 3rd period - Blake Comeau is hit by J.T. Miller and loses puck.
15:25 of 3rd period - Icing by Roman Josi.
15:26 of 3rd period - Ryan OReilly wins face-off versus J.T. Miller in Predators zone.
15:37 of 3rd period - Shot by Ryan OReilly.
15:37 of 3rd period - Stopped by Pekka Rinne without a rebound.
15:38 of 3rd period - Nicklas Backstrom wins face-off versus Claude Giroux in Predators zone.
15:46 of 3rd period - Icing by Claude Giroux.
15:47 of 3rd period - Claude Giroux wins face-off versus Nicklas Backstrom in Ducks zone.
15:58 of 3rd period - Shot by Nicklas Backstrom.
15:58 of 3rd period - Deflect By T.J. Oshie.
15:58 of 3rd period - Shot Misses the Net.
16:34 of 3rd period - Icing by Andrei Markov.
16:35 of 3rd period - Claude Giroux wins face-off versus Derick Brassard in Ducks zone.
16:59 of 3rd period - Colton Parayko is hit by Steven Stamkos and loses puck.
17:52 of 3rd period - Shot by Ryan OReilly.
17:52 of 3rd period - Stopped by Pekka Rinne with a rebound.
18:00 of 3rd period - Shot by Ryan OReilly.
18:00 of 3rd period - Stopped by Pekka Rinne without a rebound.
18:00 of 3rd period - Minor Penalty to John Moore for Hooking.
18:01 of 3rd period - T.J. Oshie wins face-off versus Ryan OReilly in Predators zone.
19:15 of 3rd period - Shot by Mark Scheifele.
19:15 of 3rd period - Shot Misses the Net.
19:39 of 3rd period - Shot by Sam Bennett.
19:39 of 3rd period - Shot Blocked by Roman Josi.
19:41 of 3rd period - Shot by Travis Hamonic.
19:41 of 3rd period - Shot Misses the Net.
19:43 of 3rd period - Shot by Sam Bennett.
19:43 of 3rd period - Goal by Sam Bennett - Predators : 3 - Ducks : 4.
19:44 of 3rd period - Ryan OReilly wins face-off versus Nicklas Backstrom in neutral zone.
19:49 of 3rd period - Shot by Blake Comeau.
19:49 of 3rd period - Shot Misses the Net.
19:51 of 3rd period - Shot by Kris Letang.
19:51 of 3rd period - Stopped by Pekka Rinne with a rebound.
19:53 of 3rd period - Shot by Blake Comeau.
19:53 of 3rd period - Shot Blocked by Roman Josi.
19:55 of 3rd period - Shot by Kris Letang.
19:55 of 3rd period - Stopped by Pekka Rinne without a rebound.
19:56 of 3rd period - Nicklas Backstrom wins face-off versus Ryan OReilly in Predators zone.
Goals for this period are 1 for Predators vs 1 for Ducks.
Shots for this period are 6 for Predators vs 14 for Ducks.